Map: Submarine LE

Players

Colossus - Winner!

  • Race: Zerg Zerg
  • League: Diamond
  • Spawn Location: 5:00

xMrTongits

  • Race: Terran Terran
  • League: Diamond
  • Spawn Location: 11:00

VOD

Have the link to the VOD?

Description

Time

  • Played on: April 4, 2021, 5:40 p.m.
  • Length: 8:01
Show
View Real Time Build Order
Export as new Build Order

Colossus Zerg - Winner!

Build Orders: Hatch First 

Get SALT Encoding   

  12  0:00  Drone  
  13  0:12  Overlord  
  13  0:20  Drone  
  14  0:31  Drone x2  
  16  0:50  Hatchery  
  16  0:53  Drone  
  17  0:57  Drone  
  17  1:02  Drone  
  18  1:10  Extractor  
  17  1:16  Spawning Pool  
  16  1:18  Drone  
  16  1:22  Drone  
  18  1:28  Drone  
  19  1:39  Overlord  
  19  1:54  Drone  
  20  2:04  Queen, Zergling x4  
  20  2:05  Queen  
  26  2:13  Drone  
  26  2:14  Drone  
  28  2:16  Metabolic Boost  
  28  2:30  Drone x2  
  30  2:37  Drone  
  31  2:51  Queen  
  31  2:58  Hatchery  
  32  3:03  Drone x2  
  32  3:04  Overlord  
  34  3:11  Drone x2  
  36  3:22  Drone  
  36  3:23  Drone  
  36  3:24  Overlord  
  38  3:34  Drone  
  38  3:38  Queen  
  38  3:39  Drone x3  
  44  3:49  Drone x3  
  44  3:54  Drone x2  
  44  3:55  Drone x2  
  51  4:03  Spore Crawler  
  50  4:12  Queen, Drone  
  55  4:21  Drone x3  
  55  4:22  Overlord x3  
  58  4:30  Drone  
  58  4:31  Drone  
  58  4:34  Overlord x2  
  58  4:35  Overlord  
  58  4:43  Baneling Nest  
  57  4:46  Evolution Chamber  
  57  4:49  Evolution Chamber  
  55  4:53  Drone x5  
  55  4:54  Zergling x12  
  55  4:55  Zergling x2  
  67  5:00  Overlord  
  67  5:17  Spore Crawler  
  61  5:24  Drone  
  61  5:25  Queen, Drone x4  
  68  5:33  Zerg Ground Armor Level 1  
  68  5:36  Lair  
  68  5:37  Drone  
  68  5:38  Drone x6  
  75  5:45  Spore Crawler  
  75  5:48  Extractor  
  73  5:59  Zergling x6, Zerg Melee Weapons Level 1  
  73  6:00  Zergling x2  
  73  6:01  Queen  
  79  6:06  Hatchery  
  78  6:13  Drone  
  78  6:14  Drone x4  
  82  6:28  Zergling x2  
  82  6:29  Zergling x10  
  88  6:35  Drone x4  
  88  6:36  Roach Warren  
  88  6:37  Extractor, Drone x4, Overlord  
  94  6:43  Baneling  
  94  6:44  Baneling x4  
  94  6:50  Overseer  
  94  6:56  Extractor  
  94  7:00  Spine Crawler  
  92  7:13  Extractor  
  92  7:14  Zergling x8  
  92  7:15  Zergling x12  
  99  7:33  Zergling x8  
  98  7:39  Zergling x2  
  98  7:40  Zergling x8  
Show
View Real Time Build Order
Export as new Build Order

xMrTongits Terran 

Build Orders:  

Get SALT Encoding   

  12  0:00  SCV  
  13  0:12  SCV  
  14  0:17  Supply Depot  
  14  0:24  SCV  
  15  0:39  Barracks  
  15  0:42  Refinery  
  15  0:45  SCV  
  16  0:57  SCV  
  16  0:58  Refinery  
  17  1:09  SCV  
  18  1:21  SCV  
  19  1:28  Reaper  
  20  1:36  Orbital Command  
  20  1:51  Factory  
  20  1:55  Supply Depot  
  20  2:01  Marine  
  20  2:04  SCV  
  22  2:16  SCV  
  23  2:25  Marine  
  23  2:28  SCV  
  25  2:40  SCV  
  25  2:44  Armory  
  26  2:45  Factory Tech Lab  
  26  2:52  SCV  
  27  2:59  Starport  
  27  3:03  Marine  
  27  3:04  SCV  
  29  3:14  Supply Depot  
  29  3:17  SCV  
  30  3:20  Marine  
  31  3:28  Command Center  
  31  3:39  Thor  
  37  3:44  Medivac  
  39  3:56  Supply Depot  
  39  4:18  SCV, Marine  
  40  4:30  SCV  
  41  4:35  Marine  
  42  4:42  SCV, Orbital Command  
  42  4:45  Thor  
  49  4:46  Medivac  
  51  4:53  Marine  
  51  4:54  SCV  
  53  5:05  Factory  
  53  5:06  Engineering Bay, SCV  
  54  5:11  Marine  
  55  5:15  SCV  
  55  5:18  SCV, Orbital Command  
  57  5:31  SCV, Marine  
  59  5:36  Missile Turret  
  59  5:42  Infernal Pre-Igniter  
  59  5:54  SCV  
  59  5:56  SCV  
  61  5:58  Factory Reactor  
  61  6:07  SCV  
  62  6:17  Supply Depot  
  62  6:18  Bunker  
  62  6:21  Supply Depot  
  62  6:26  SCV, Thor  
  62  6:30  Missile Turret, Refinery  
  62  6:32  Refinery  
  69  6:35  Factory  
  69  6:39  SCV  
  70  6:41  Hellion x2  
  74  6:47  SCV  
  74  6:52  Supply Depot  
  75  6:55  SCV  
  75  6:59  SCV  
  77  7:01  Supply Depot  
  77  7:07  SCV  
  78  7:10  Supply Depot  
  67  7:41  SCV  
  73  7:46  Factory  
  73  7:50  Command Center  
Tags
 
Add a new tag
Caveats
  • Supply blocks, unpowered buildings, or Contaminate may cause inaccurate times.
  • Supply counts are checked every 10 seconds.